 Dungeon Crawl Stone Soup version 0.25.1-2-g60ff931df9 (console) character file.

Game seed: 12009514797447477094

10136 Colgate the Martial Artist (level 11, -5/83 HPs)
             Began as a Gnoll Transmuter on Aug 13, 2020.
             Was a High Priest of Okawaru.
             Killed by divine providence
             ... invoked by an orc priest
              (13 damage)
             ... on level 9 of the Dungeon.
             The game lasted 02:08:46 (11500 turns).

Colgate the Martial Artist (Gnoll Transmuter)      Turns: 11500, Time: 02:08:47

Health: -5/83      AC:  2    Str: 12    XL:     11   Next: 57%
Magic:  20/23      EV: 42    Int: 20    God:    Okawaru [*****.]
Gold:   579        SH:  0    Dex: 20    Spells: 11/26 levels left

rFire    . . .     SeeInvis .     - Unarmed
rCold    . . .     Gourm    .   (shield currently unavailable)
rNeg     . . .     Faith    .   (armour currently unavailable)
rPois    .         Spirit   .   (helmet currently unavailable)
rElec    .         Reflect  .   (cloak currently unavailable)
rCorr    .         Harm     .   (gloves currently unavailable)
MR       .....                  (boots currently unavailable)
Stlth    ++++......             g - amulet of the acrobat
HPRegen  0.23/turn              B - ring of poison resistance
MPRegen  0.18/turn              S - ring of stealth

@: spider-form (expiring), finesse, acrobat, lightly drained
A: tiny, distributed training, strong nose
a: End Transformation, Heroism, Finesse, Renounce Religion


You were on level 9 of the Dungeon.
You worshipped Okawaru.
Okawaru was extremely pleased with you.
You were not hungry.
You were a venomous arachnid creature.
You visited 1 branch of the dungeon, and saw 9 of its levels.

You collected 663 gold pieces.
You spent 84 gold pieces at shops.

Inventory:

Hand Weapons
 b - a +1 hunting sling
 f - a +2 dagger of speed
 j - a +0 dagger of electrocution
 Q - a +2 halberd of freezing
Missiles
 k - 35 bolts
 l - 225 stones
 o - a javelin
 u - 61 arrows
 y - 2 boomerangs
 C - 2 throwing nets
 D - 30 poisoned darts
 G - 6 curare-tipped darts (quivered)
 U - 30 sling bullets
Armour
 m - a +0 pair of gloves (melded)
 F - a +0 cloak (melded)
 V - a +2 hat (melded)
 X - the +1 robe "Boumiol" (melded) {MR+ Int+3}
   (Okawaru gifted it to you on level 9 of the Dungeon)

   It affects your intelligence (+3).
   It affects your resistance to hostile enchantments.
Jewellery
 g - an amulet of the acrobat (around neck)
 A - an uncursed ring of positive energy
 B - a ring of poison resistance (left front leg)
 K - an uncursed ring of fire
 S - a ring of stealth (right front leg)
 W - an uncursed ring of protection from magic
Wands
 H - a wand of paralysis (8)
 J - a wand of iceblast (5)
 N - a wand of acid (10)
 P - a wand of disintegration (12)
Scrolls
 a - a scroll of fear {unknown}
 i - a scroll of noise {unknown}
 q - a scroll of random uselessness {unknown}
 r - 3 scrolls of magic mapping
 t - 8 scrolls of teleportation
 v - 5 scrolls of remove curse
 x - a scroll of immolation {unknown}
 E - a scroll of enchant weapon
 L - a scroll of amnesia
 T - 2 scrolls of enchant armour {unknown}
Potions
 e - 3 potions of curing
 h - a potion of stabbing
 n - a potion of resistance
 p - 2 potions of heal wounds
 s - 2 potions of flight
 I - a potion of lignification {unknown}
 M - a potion of might
Comestibles
 c - a chunk of flesh
 d - 19 rations


   Skills:
 + Level 6.9(6.5) Fighting
 + Level 6.3(5.9) Short Blades
 + Level 6.3(5.9) Long Blades
 + Level 6.3(5.9) Axes
 + Level 6.3(5.9) Maces & Flails
 + Level 6.3(5.9) Polearms
 + Level 6.3(5.9) Staves
 + Level 6.3(5.9) Slings
 + Level 6.3(5.9) Bows
 + Level 6.3(5.9) Crossbows
 + Level 6.3(5.9) Throwing
 + Level 6.3(5.9) Armour
 + Level 7.9(7.5) Dodging
 + Level 6.3(5.9) Stealth
 + Level 6.3(5.9) Shields
 + Level 9.2(8.7) Unarmed Combat
 + Level 8.2(7.7) Spellcasting
 + Level 5.2(4.8) Conjurations
 + Level 5.2(4.8) Hexes
 + Level 5.2(4.8) Charms
 + Level 5.2(4.8) Summonings
 + Level 5.2(4.8) Necromancy
 + Level 5.2(4.8) Translocations
 + Level 6.6(6.1) Transmutations
 + Level 5.2(4.8) Fire Magic
 + Level 5.2(4.8) Ice Magic
 + Level 5.2(4.8) Air Magic
 + Level 5.2(4.8) Earth Magic
 + Level 5.2(4.8) Poison Magic
 + Level 7.0(6.5) Invocations
 + Level 6.3(5.9) Evocations


You had 11 spell levels left.
You knew the following spells:

 Your Spells              Type           Power        Failure   Level  Hunger
a - Beastly Appendage     Tmut           ####..       4%          1    None
b - Sticks to Snakes      Tmut           ####....     5%          2    None
c - Spider Form           Tmut/Pois      ####......   10%         3    None
d - Ice Form              Ice/Tmut       ####....     22%         4    ###....
e - Blade Hands           Tmut           ####......   38%         5    #####..

Your spell library contained the following spells:

 Spells                   Type           Power        Failure   Level  Hunger


Dungeon Overview and Level Annotations

Branches:
Dungeon (9/15)             Temple (0/1) D:4            Lair (0/6) D:9
    Orc (0/2) D:9

Altars:
Cheibriados
Okawaru
Qazlal

Shops:
D:7 ?   D:8 =


Innate Abilities, Weirdness & Mutations

Your experience applies equally to all skills.
((You have very sharp teeth.))
Your uncanny sense of smell can sniff out nearby items.


Message History

You hit the orc warrior but do no damage.
The orc warrior looks as sick as possible!
The orc warrior is heavily wounded.
The orc priest calls upon Beogh to heal the orc warrior.
The orc warrior is healed somewhat.
You maul the orc warrior!!
You kill the orc warrior!
Okawaru accepts your kill. The orc warrior completely misses you.
Things that are here:
a +0 battleaxe; a +0 plate armour; an orc skeleton The orc priest mumbles some strange prayers to Beogh against you.
Beogh smites you!
* * * LOW HITPOINT WARNING * * *
You feel like a meek peon again.
Your transformation is almost over.
You see here a +0 helmet.
The orc priest calls down the wrath of Beogh upon you.
Beogh smites you!
You die...

#.#)#[.?#.#.#...# #
#.#)##.##.#.##.## .#
.##.# #.#..#'#o.#. #'#
.#.#..# #.#.......+ ...
...... #.##..8..### 8.8
.z... #.###.o.##.# #...#
#.# #...#..# #.(.# #.#
##.##..# #..# #.#
#..o..# #(.#
#.#######.o##########..#
#............o.[s...)..#
#......................#
#..........#########..=#
#..........# #...#
...........# #.....
...........# #.....?.
...........# #.......
...>.......# #..#####
...........# ..#
...........#
......(....# #.^#


You could see an orc warrior and an orc priest.

Vanquished Creatures
  A cyclops (D:9)
  A hornet (D:7)
  Menkaure (D:5)
  A porcupine (D:9)
  2 sky beasts (D:8)
  An ice beast (D:5)
  2 black bears
  4 orc warriors (D:9)
  A phantom (D:9)
  8 ogres
  A centaur (D:4)
  A big kobold (D:8)
  7 bullfrogs
  4 scorpions
  11 killer bees
  4 wights (D:9)
  6 crimson imps
  A centaur zombie (D:5)
  2 jellies
  A quasit (D:8)
  4 hounds
  2 orc priests (D:5)
  A bullfrog skeleton (D:8)
  3 orc wizards (D:5)
  A centaur skeleton (D:6)
  Ijyb (D:5)
  An iguana (D:5)
  5 worker ants
  A killer bee zombie (D:7)
  A centaur simulacrum (D:5)
  2 hound skeletons (D:8)
  A mummy (D:5)
  2 worker ant zombies (D:8)
  A howler monkey skeleton (D:8)
  7 gnolls
  5 adders
  A hound simulacrum (D:5)
  3 shadow imps
  A white imp (D:5)
  2 worker ant simulacra (D:5)
  4 oozes
  2 worms (D:2)
  3 dart slugs
  4 leopard geckos
  18 orcs
  8 bats
  3 giant cockroaches
  10 goblins
  8 hobgoblins
  6 jackals
  2 quokkas
  5 ball pythons
  7 frilled lizards
  6 kobolds
  A leopard gecko skeleton (D:5)
  2 quokka skeletons
  A quokka zombie (D:6)
  9 rats
204 creatures vanquished.

Vanquished Creatures (collateral kills)
  The ghost of waddelsworth the Digger, a novice GrEE (D:5)
  A bullfrog zombie (D:5)
  3 orc priests
  2 orc wizards (D:4)
  A hound simulacrum (D:5)
  An adder simulacrum (D:5)
  A leopard gecko (D:5)
  An orc (D:4)
  A leopard gecko simulacrum (D:5)
12 creatures vanquished.

Vanquished Creatures (others)
  2 orcs (D:8)
  7 kobolds (D:8)
9 creatures vanquished.

Grand Total: 225 creatures vanquished

Notes
Turn   | Place    | Note
-------+----------+-------------------------------------------
     0 | D:1      | Colgate the Gnoll Transmuter began the quest for the Orb.
     0 | D:1      | Reached XP level 1. HP: 17/17 MP: 6/6
   187 | D:1      | Reached XP level 2. HP: 23/23 MP: 5/7
   195 | D:1      | Learned a level 2 spell: Sticks to Snakes
   473 | D:1      | Reached XP level 3. HP: 28/28 MP: 7/9
   586 | D:1      | Found an iron altar of Okawaru.
   592 | D:1      | Became a worshipper of Warmaster Okawaru
   598 | D:1      | Reached skill level 5 in Spellcasting
   824 | D:1      | Learned a level 3 spell: Spider Form
  1297 | D:2      | Reached skill level 1 in Invocations
  1590 | D:2      | Reached skill level 1 in Short Blades
  1590 | D:2      | Reached skill level 1 in Long Blades
  1590 | D:2      | Reached skill level 1 in Axes
  1590 | D:2      | Reached skill level 1 in Maces & Flails
  1590 | D:2      | Reached skill level 1 in Polearms
  1590 | D:2      | Reached skill level 1 in Staves
  1590 | D:2      | Reached skill level 1 in Slings
  1590 | D:2      | Reached skill level 1 in Bows
  1590 | D:2      | Reached skill level 1 in Crossbows
  1590 | D:2      | Reached skill level 1 in Throwing
  1590 | D:2      | Reached skill level 1 in Armour
  1590 | D:2      | Reached skill level 1 in Stealth
  1590 | D:2      | Reached skill level 1 in Shields
  1590 | D:2      | Reached skill level 1 in Evocations
  1611 | D:2      | Reached XP level 4. HP: 20/34 MP: 9/11
  2292 | D:3      | You fall into a shaft and drop 1 floor!
  2293 | D:4      | Noticed a centaur
  2343 | D:4      | Killed a centaur
  2343 | D:4      | Reached skill level 1 in Conjurations
  2343 | D:4      | Reached skill level 1 in Hexes
  2343 | D:4      | Reached skill level 1 in Charms
  2343 | D:4      | Reached skill level 1 in Summonings
  2343 | D:4      | Reached skill level 1 in Necromancy
  2343 | D:4      | Reached skill level 1 in Translocations
  2343 | D:4      | Reached skill level 1 in Fire Magic
  2343 | D:4      | Reached skill level 1 in Ice Magic
  2343 | D:4      | Reached skill level 1 in Air Magic
  2343 | D:4      | Reached skill level 1 in Earth Magic
  2343 | D:4      | Reached skill level 1 in Poison Magic
  2343 | D:4      | Reached XP level 5. HP: 37/41 MP: 8/12
  3260 | D:4      | Reached * piety under Okawaru
  3260 | D:4      | Reached XP level 6. HP: 47/47 MP: 11/13
  3424 | D:4      | Found a staircase to the Ecumenical Temple.
  3633 | D:4      | Reached skill level 5 in Dodging
  3792 | D:4      | Reached XP level 7. HP: 52/52 MP: 15/15
  4101 | D:4      | Reached skill level 7 in Unarmed Combat
  4211 | D:4      | Reached ** piety under Okawaru
  4320 | D:4      | Found a stormy altar of Qazlal.
  4374 | D:5      | Entered Level 5 of the Dungeon
  4570 | D:5      | Found a runed translucent gate.
  4570 | D:5      | Found a runed translucent gate.
  4570 | D:5      | Found a runed translucent gate.
  4587 | D:5      | Noticed Ijyb
  4600 | D:5      | Killed Ijyb
  4687 | D:5      | Reached XP level 8. HP: 41/60 MP: 13/16
  4717 | D:5      | Reached *** piety under Okawaru
  5183 | D:5      | Noticed waddelsworth's ghost (novice GrEE)
  5438 | D:5      | Found a snail-covered altar of Cheibriados.
  5757 | D:5      | Killed waddelsworth's ghost
  6024 | D:6      | Noticed Menkaure
  6405 | D:5      | Killed Menkaure
  6470 | D:6      | Reached **** piety under Okawaru
  6470 | D:6      | Reached XP level 9. HP: 66/66 MP: 18/18
  6578 | D:5      | Learned a level 4 spell: Ice Form
  6631 | D:6      | Reached skill level 5 in Transmutations
  6949 | D:6      | Got a twisted leather armour
  6960 | D:6      | Identified the cursed +0 leather armour of a volcano {+Inv
                  | Int-3 Dex+6 Slay-3} (You found it on level 6 of the
                  | Dungeon)
  7387 | D:7      | Noticed a hornet
  7832 | D:7      | Reached skill level 5 in Fighting
  8223 | D:7      | Found Segrig's Magic Scroll Shop.
  8228 | D:7      | Bought a scroll of magic mapping for 45 gold pieces
  8228 | D:7      | Bought a scroll of teleportation for 39 gold pieces
  8484 | D:7      | Killed a hornet
  8484 | D:7      | Reached skill level 8 in Unarmed Combat
  8781 | D:8      | Reached ***** piety under Okawaru
  8944 | D:8      | Reached skill level 5 in Invocations
  9036 | D:8      | Found Miawkiargh's Jewellery Shop.
  9208 | D:8      | Reached XP level 10. HP: 59/74 MP: 20/20
 10604 | D:9      | Received a gift from Okawaru
 10717 | D:9      | Reached skill level 5 in Short Blades
 10717 | D:9      | Reached skill level 5 in Long Blades
 10717 | D:9      | Reached skill level 5 in Axes
 10717 | D:9      | Reached skill level 5 in Maces & Flails
 10717 | D:9      | Reached skill level 5 in Polearms
 10717 | D:9      | Reached skill level 5 in Staves
 10717 | D:9      | Reached skill level 5 in Slings
 10717 | D:9      | Reached skill level 5 in Bows
 10717 | D:9      | Reached skill level 5 in Crossbows
 10717 | D:9      | Reached skill level 5 in Throwing
 10717 | D:9      | Reached skill level 5 in Armour
 10717 | D:9      | Reached skill level 5 in Stealth
 10717 | D:9      | Reached skill level 5 in Shields
 10717 | D:9      | Reached skill level 5 in Evocations
 10741 | D:9      | Noticed a cyclops
 10758 | D:9      | Killed a cyclops
 10758 | D:9      | Received a gift from Okawaru
 10759 | D:9      | Got an ominously black robe {god gift}
 10770 | D:9      | Identified the +1 robe "Boumiol" {MR+ Int+3} (Okawaru
                  | gifted it to you on level 9 of the Dungeon)
 10991 | D:9      | Found a staircase to the Lair.
 11023 | D:9      | Learned a level 5 spell: Blade Hands
 11347 | D:9      | Found a staircase to the Orcish Mines.
 11360 | D:9      | Reached skill level 9 in Unarmed Combat
 11360 | D:9      | Reached skill level 5 in Conjurations
 11360 | D:9      | Reached skill level 5 in Hexes
 11360 | D:9      | Reached skill level 5 in Charms
 11360 | D:9      | Reached skill level 5 in Summonings
 11360 | D:9      | Reached skill level 5 in Necromancy
 11360 | D:9      | Reached skill level 5 in Translocations
 11360 | D:9      | Reached skill level 5 in Fire Magic
 11360 | D:9      | Reached skill level 5 in Ice Magic
 11360 | D:9      | Reached skill level 5 in Air Magic
 11360 | D:9      | Reached skill level 5 in Earth Magic
 11360 | D:9      | Reached skill level 5 in Poison Magic
 11360 | D:9      | Reached XP level 11. HP: 83/83 MP: 21/23
 11483 | D:9      | HP: 4/83 [orc priest/divine providence (9)]
 11500 | D:9      | Killed from afar by an orc priest

Illustrated notes

Levels and vault maps discovered:
D:1:      wander_arrival_abandoned_jail, layout_loops_corners,
          okawaru_ov_weapons_minmay
D:2:      layout_basic
D:3:      layout_loops_ring
D:4:      layout_loops_corners, minmay_temple_entry_grid, serial_glass,
          glass_columns_c, glass_columns_a, glass_columns_a, glass_columns_a,
          glass_columns_a, glass_columns_b, glass_columns_b, glass_columns_a,
          glass_columns_a, glass_columns_a, nicolae_qazlal_eye_of_the_storm
D:5:      layout_basic, slow_altar_2, gammafunk_ghost_icy, first_ration,
          uniq_ijyb
D:6:      layout_basic, hex_tiny, minmay_microvault, uniq_menkaure
D:7:      layout_loops_corners, serial_shops, nicolae_shop_statue_plus,
          grunt_ogre_cave
D:8:      layout_layer_cave, serial_shops, nicolae_shop_trees,
          lemuel_flamethrower_2
D:9:      layout_long_grid, grunt_lair_entry_orc_guard_hut, david_orc_1_choice,
          serial_glass, glass_columns_a, glass_columns_a

Skill      XL: |  1  2  3  4  5  6  7  8  9 10 11 |
---------------+----------------------------------+-----
Spellcasting   | 5 6 8 |  8.2
Invocations    | 1 2 3 4 5 6 7 |  7.0
Short Blades   | 1 2 3 4 6 |  6.3
Long Blades    | 1 2 3 4 6 |  6.3
Axes           | 1 2 3 4 6 |  6.3
Maces & Flails | 1 2 3 4 6 |  6.3
Polearms       | 1 2 3 4 6 |  6.3
Staves         | 1 2 3 4 6 |  6.3
Slings         | 1 2 3 4 6 |  6.3
Bows           | 1 2 3 4 6 |  6.3
Crossbows      | 1 2 3 4 6 |  6.3
Throwing       | 1 2 3 4 6 |  6.3
Armour         | 1 2 3 4 6 |  6.3
Stealth        | 1 2 3 4 6 |  6.3
Shields        | 1 2 3 4 6 |  6.3
Evocations     | 1 2 3 4 6 |  6.3
Fighting       | 3 4 5 6 |  6.9
Conjurations   | 1 2 3 5 |  5.2
Hexes          | 1 2 3 5 |  5.2
Charms         | 1 2 3 5 |  5.2
Summonings     | 1 2 3 5 |  5.2
Necromancy     | 1 2 3 5 |  5.2
Translocations | 1 2 3 5 |  5.2
Fire Magic     | 1 2 3 5 |  5.2
Ice Magic      | 1 2 3 5 |  5.2
Air Magic      | 1 2 3 5 |  5.2
Earth Magic    | 1 2 3 5 |  5.2
Poison Magic   | 1 2 3 5 |  5.2
Transmutations | 4 5 6 |  6.6
Dodging        | 5 6 7 |  7.9
Unarmed Combat | 7 8 9 |  9.2

Action                   |  1- 3 |  4- 6 |  7- 9 | 10-12 || total
-------------------------+-------+-------+-------+-------++-------
Melee: Unarmed           |   111 |    52 |   217 |   153 ||   533
       Kick              |     7 |     6 |    35 |     6 ||    54
       Punch             |     3 |     1 |     1 |     3 ||     8
       Headbutt          |     8 |       |    11 |     6 ||    25
       Bite              |     6 |     2 |    12 |     5 ||    25
       Dagger            |       |    17 |    20 |       ||    37
       Trident           |       |     8 |     3 |       ||    11
 Fire: Hunting sling     |       |    11 |   115 |    33 ||   159
Throw: Stone             |     3 |    17 |       |       ||    20
       Javelin           |       |     5 |       |     2 ||     7
       Dart              |       |    13 |    35 |     9 ||    57
       Boomerang         |       |     2 |     8 |     4 ||    14
 Cast: Beastly Appendage |    24 |    18 |    30 |     8 ||    80
       Spider Form       |       |     2 |     8 |     8 ||    18
       Sticks to Snakes  |       |     8 |    36 |       ||    44
       Ice Form          |       |       |     2 |     1 ||     3
Invok: Heroism           |       |       |       |     1 ||     1
       Finesse           |       |       |       |     1 ||     1
 Abil: End Transformatio |       |       |     1 |       ||     1
Evoke: Wand              |       |       |     3 |     1 ||     4
  Use: Scroll            |       |     6 |     5 |     1 ||    12
       Potion            |       |       |     1 |     1 ||     2
 Stab: Sleeping          |     5 |     2 |     2 |     1 ||    10
       Distracted        |       |     1 |     1 |       ||     2
  Eat: Chunk             |     2 |     7 |    17 |     4 ||    30
       Ration            |       |       |       |     1 ||     1
Armor: Robe              |     8 |     4 |    12 |     7 ||    31
       Ring mail         |       |       |    14 |       ||    14
       Skin              |       |       |     5 |     1 ||     6
       Scale mail        |       |       |     1 |       ||     1
       Leather armour    |       |       |       |     8 ||     8
Dodge: Dodged            |    64 |    62 |   224 |   138 ||   488
